 Dungeon Crawl Stone Soup version 0.30-a0-583-g19bae12e61 (webtiles) character file.

Game seed: 10602559571354467845

1038 Citaku the Slasher (level 8, -14/62 HPs)
             Began as a Demonspawn Wanderer on Jan 1, 2023.
             Was an Initiate of Ashenzari.
             Demolished by an earth elemental (32 damage)
             ... created by the adversity of Qazlal
             ... on level 6 of the Dungeon.
             The game lasted 00:22:32 (5722 turns).

Citaku the Slasher (Demonspawn Wanderer)            Turns: 5722, Time: 00:22:32

Health: -14/62     AC: 14    Str: 12    XL:     8   Next: 4%
Magic:  13/13      EV:  3    Int: 17    God:    Ashenzari [......]
Gold:   173        SH:  0    Dex: 18    Spells: 13/13 levels left

rFire   . . .      SeeInvis .    c - +4 long sword (elec)
rCold   . . .      Faith    .    (no shield)
rNeg    + . .      Spirit   .    o - +1 plate armour
rPois   .          Reflect  .    (helmet restricted)
rElec   x          Harm     .    (no cloak)
rCorr   .          Rampage  .    (no gloves)
Will    .....                    f - +0 pair of boots Stlth
                                 (no amulet)
HPRegen 0.30/turn                e - +6 ring of dexterity
MPRegen 0.13/turn                p - ring of positive energy

@: confused, ambrosia-drunk
A: antennae 2, claws 1, spiny 1, demonic magic 1, weakness stinger 1,
[electricity vulnerability]
a: Renounce Religion, Curse Item


You were on level 6 of the Dungeon.
You worshipped Ashenzari.
Ashenzari was noncommittal.
You visited 1 branch of the dungeon, and saw 6 of its levels.

You collected 222 gold pieces.
You spent 49 gold pieces at shops.

Inventory:

Hand Weapons
 a - a +5 trident
 c - a +4 long sword of electrocution (weapon)
Missiles
 q - 2 throwing nets (quivered)
Armour
 f - a +0 pair of boots (worn)
 o - a +1 plate armour (worn)
 r - a +0 leather armour of fire resistance
Jewellery
 e - a +6 ring of dexterity (left claw)
 p - a ring of positive energy (right claw)
Wands
 j - a wand of flame (61)
Scrolls
 b - a scroll of fear
 g - 4 scrolls of blinking
 i - 2 scrolls of poison
 n - a scroll of silence
Potions
 d - a potion of lignification
 h - 2 potions of cancellation
 k - a potion of brilliance


   Skills:
 * Level 5.0 Fighting
 + Level 0.1(3.1) Short Blades
 * Level 5.2 Long Blades
 * Level 4.2 Armour
 + Level 1.2 Dodging
 + Level 1.8 Stealth
 + Level 3.3 Spellcasting
 + Level 3.4 Necromancy
 + Level 1.2 Invocations


You had 13 spell levels left.
You didn't know any spells.
Your spell library contained the following spells:

 Spells                   Type           Power      Damage    Failure   Level
 Foxfire                  Conj/Fire      8%         2x1d4     100%        1
 Kiss of Death            Conj/Necr      32%        2d7       100%        1
 Magic Dart               Conj           8%         1d3       100%        1
 Call Imp                 Summ           2%         N/A       100%        2
 Ignite Poison            Fire/Tmut/Pois 2%         N/A       100%        3
 Mephitic Cloud           Conj/Pois/Air  2%         N/A       100%        3
 Stone Arrow              Conj/Erth      4%         3d7       100%        3
 Tukima's Dance           Hex            2%         N/A       100%        3
 Anguish                  Hex/Necr       4%         N/A       100%        4
 Animate Armour           Summ/Erth      4%         N/A       100%        4
 Animate Dead             Necr           14%        N/A       100%        4
 Cause Fear               Hex            1%         N/A       100%        4
 Passage of Golubria      Tloc           2%         N/A       100%        4
 Sticky Flame             Conj/Fire      2%         2d3       100%        4
 Alistair's Intoxication  Tmut/Pois      1%         N/A       100%        5
 Borgnjor's Vile Clutch   Necr/Erth      4%         N/A       100%        5
 Yara's Violent Unravell  Hex/Tmut       1%         3d3       100%        5
 Eringya's Noxious Bog    Tmut/Pois      1%         N/A       100%        6
 Dragon Form              Tmut           1%         N/A       100%        7
 Ignition                 Fire           1%         3d3       100%        8
 Lehudib's Crystal Spear  Conj/Erth      1%         10d2      100%        8
 Dragon's Call            Summ           1%         N/A       100%        9


Dungeon Overview and Level Annotations

Branches:
Dungeon (6/15)
 Temple: D:4-7

Altars:
Ashenzari
Nemelex Xobeh
Qazlal
Vehumet

Shops:
D:2 [   D:4 (


Innate Abilities, Weirdness & Mutations

You have a pair of antennae on your head.
You have sharp fingernails.
You are partially covered in sharp spines.
Spells you cast may paralyse adjacent enemies.
You have a small tail.
[You are vulnerable to electric shocks.]


Message History

The fire crab bites you but does no damage.
The fire crab claws you!
You are engulfed in flames!
You hit the ogre.
The ogre is lightly wounded.
The ogre is struck by your spines. The ogre hits you with a +0 giant club.
The fire crab completely misses you. The fire crab claws you.
You are engulfed in flames!
As you read the scroll of fear, it crumbles to dust.
You assume a fearsome visage.
The earth elemental is unaffected.
The fire crab looks frightened!
The ogre looks frightened!
You slash the earth elemental!
The earth elemental is lightly damaged.
The earth elemental hits you but does no damage.
You hit the earth elemental but do no damage.
The earth elemental is lightly damaged.
You slash the earth elemental!
You tail-slap the earth elemental, but do no damage.
The earth elemental is heavily damaged.
The earth elemental hits you but does no damage.
You barely miss the earth elemental.
You tail-slap the earth elemental, but do no damage.
The earth elemental is heavily damaged.
The earth elemental hits you!
* * * LOW HITPOINT WARNING * * *
You hit the earth elemental.
The earth elemental is heavily damaged.
You are confused.
You feel invigorated.
You are too confused!
You are too confused!
You slash the earth elemental!
The earth elemental is severely damaged.
Cornered, the ogre turns to fight!
The earth elemental hits you!
* * * LOW HITPOINT WARNING * * *
You hit the earth elemental.
You tail-slap the earth elemental, but do no damage.
The earth elemental is severely damaged.
The earth elemental hits you!!
Ouch! That really hurt!
You die...

#......t........
#...............
+...............
#...........##'#
#.......#'###...
#########.......#.......
#...............#..#####
#.O.............#..#....
#......@E.......#..'....
#.............>.#..#....
#####<...###########....
#....# #.... #....#
#.... #....# #....
###### #####


You could see an earth elemental and an ogre.

Vanquished Creatures
  Duvessa (D:4)
  An ogre (D:5)
  A bullfrog (D:6)
  A scorpion (D:5)
  A necrophage (D:6)
  Dowan (D:4)
  A howler monkey (D:5)
  2 jellies
  3 orc priests
  A hound (D:5)
  3 iguanas
  2 orc wizards (D:5)
  7 adders
  8 gnolls (D:5)
  A white imp (D:6)
  An ufetubus (D:5)
  A worm (D:4)
  2 dart slugs
  22 orcs
  9 endoplasms
  2 giant cockroaches
  6 hobgoblins
  A quokka (D:4)
  5 ball pythons
  5 bats
  3 frilled lizards
  7 goblins
  5 kobolds
  3 rats
106 creatures vanquished.

Notes
Turn   | Place    | Note
-------+----------+-------------------------------------------
     0 | D:1      | Citaku the Demonspawn Wanderer began the quest for the Orb.
     0 | D:1      | Citaku set off with the following items: a +0 dagger, a
                  | scroll of fear, a +0 robe, a potion of lignification; and
                  | the following spells available to memorise: Kiss of Death,
                  | Foxfire, Animate Dead, Ignite Poison, Anguish.
     0 | D:1      | Reached XP level 1. HP: 18/18 MP: 4/4
   622 | D:1      | Gained mutation: You are partially covered in sharp spines.
                  | [demonic ancestry]
   622 | D:1      | Reached XP level 2. HP: 24/24 MP: 6/6
  1183 | D:2      | Found Eschoigh's Armour Boutique.
  1212 | D:2      | Discovered your monstrous ancestry.
  1212 | D:2      | Gained mutation: You have sharp fingernails. [demonic
                  | ancestry]
  1212 | D:2      | Reached XP level 3. HP: 18/29 MP: 7/7
  1294 | D:2      | Bought a +0 pair of boots for 49 gold pieces
  1359 | D:2      | Reached skill level 1 in Stealth
  2296 | D:3      | Gained mutation: You have a small tail. [demonic ancestry]
  2296 | D:3      | Reached XP level 4. HP: 36/36 MP: 9/9
  2304 | D:3      | Found a radiant altar of Vehumet.
  2620 | D:3      | Reached skill level 1 in Long Blades
  2703 | D:3      | Reached skill level 1 in Armour
  2897 | D:3      | Found a sparkling altar of Nemelex Xobeh.
  2897 | D:3      | Found a stormy altar of Qazlal.
  2907 | D:3      | Became a worshipper of Qazlal Stormbringer
  3161 | D:4      | Found Diczecuf's Antique Weapon Shop.
  3287 | D:4      | Gained mutation: You have a pair of small antennae on your
                  | head. [demonic ancestry]
  3287 | D:4      | Reached XP level 5. HP: 8/41 MP: 10/10
  3452 | D:4      | Reached skill level 1 in Dodging
  3564 | D:4      | Noticed Duvessa
  3565 | D:4      | Noticed Dowan
  3570 | D:4      | Killed Duvessa
  3571 | D:4      | Gained mutation: Spells you cast may paralyse adjacent
                  | enemies. [demonic ancestry]
  3571 | D:4      | Reached XP level 6. HP: 42/48 MP: 11/11
  3572 | D:4      | Killed Dowan
  4189 | D:5      | Entered Level 5 of the Dungeon
  4332 | D:5      | Reached * piety under Qazlal
  4333 | D:5      | Gained mutation: You have a pair of antennae on your head.
                  | [demonic ancestry]
  4333 | D:5      | Reached XP level 7. HP: 11/55 MP: 12/12
  4471 | D:5      | Found a broken altar of Ashenzari.
  4479 | D:5      | Saw a vision of the Swamp and the Spider Nest.
  4479 | D:5      | Noticed a redback
  4479 | D:5      | Noticed a demonic crawler
  4479 | D:5      | Noticed a wolf spider
  4479 | D:5      | Noticed a jumping spider
  4479 | D:5      | Noticed a pharaoh ant
  4479 | D:5      | Noticed a jumping spider
  4479 | D:5      | Noticed a wolf spider
  4479 | D:5      | Noticed a radroach
  4479 | D:5      | Noticed a tyrant leech
  4479 | D:5      | Noticed a goliath frog
  4479 | D:5      | Noticed a bog body
  4479 | D:5      | Noticed a tyrant leech
  4479 | D:5      | Noticed a steelbarb worm
  4479 | D:5      | Noticed a culicivora
  4480 | D:5      | Noticed a jumping spider
  4480 | D:5      | Noticed a culicivora
  4480 | D:5      | Noticed a goliath frog
  4480 | D:5      | Noticed a moth of wrath
  4481 | D:5      | Noticed a goliath frog
  4481 | D:5      | Noticed a pharaoh ant
  4482 | D:5      | Noticed an orb spider
  4482 | D:5      | Noticed a steelbarb worm
  4483 | D:5      | Fell from the grace of Qazlal
  4483 | D:5      | Became a worshipper of Ashenzari the Shackled
  5418 | D:6      | Reached skill level 5 in Long Blades
  5561 | D:6      | Reached skill level 5 in Fighting
  5561 | D:6      | Reached XP level 8. HP: 60/62 MP: 13/13
  5709 | D:6      | Noticed a fire crab
  5722 | D:6      | Demolished by an earth elemental

Illustrated notes

Levels and vault maps discovered:
D:1:      giann_forest_graveyard, layout_loops_corners, minmay_misc_feat_plants
D:2:      layout_basic, serial_shops, nicolae_shop_trees
D:3:      layout_basic, amethyst_overflow_temple_binary, vehumet_altar_wand_db
D:4:      layout_gridville, serial_shops, shop_statue, grunt_ministairs_1,
          uniq_duvessa
D:5:      layout_basic, grunt_ashenzari_visionary
          [grunt_ashenzari_visionary_swamp, grunt_ashenzari_visionary_spider]
D:6:      layout_gridville, mainiacjoe_overflow_small_starburst

Skill      XL: |  1  2  3  4  5  6  7 |
---------------+----------------------+-----
Stealth        | 1 |  1.8
Long Blades    | 2 4 5 |  5.2
Armour         | 1 2 3 4 |  4.2
Dodging        | 1 |  1.2
Fighting       | 4 5 |  5.0
Short Blades   | |  0.1
Spellcasting   | |  3.3
Necromancy     | |  3.4
Invocations    | |  1.2

Action                   |  1- 3 |  4- 6 |  7- 9 || total
-------------------------+-------+-------+-------++-------
Melee: Dagger            |    37 |       |       ||    37
       Long sword        |    40 |    87 |    61 ||   188
       Punch             |     2 |     1 |     1 ||     4
       Tailslap          |       |    10 |     7 ||    17
  Use: Scroll            |     2 |     6 |     7 ||    15
       Potion            |     3 |       |     2 ||     5
 Stab: Sleeping          |     3 |       |       ||     3
Armor: Robe              |     8 |       |       ||     8
       Leather armour    |    11 |     4 |       ||    15
       Plate armour      |       |    66 |    39 ||   105
Dodge: Dodged            |    50 |    21 |    10 ||    81

Table legend: (Time is in decaauts)
 A = Elapsed time spent in this place.
 B = Non-inter-level travel time spent in this place.
 C = Inter-level travel time spent in this place.
 D = Time resting spent in this place.
 E = Time spent auto-exploring this place.
 F = Levels seen in this place.
 G = Mean time per level.
                   A        B        C        D        E       F      G
               +--------+--------+--------+--------+--------+-----+--------+
         Total |   5771 |   5768 |      3 |    804 |   2380 |   6 |  961.8 |
       Dungeon |   5771 |   5768 |      3 |    804 |   2380 |   6 |  961.8 |
               +--------+--------+--------+--------+--------+-----+--------+

Top non-repeatable levels by time:
     D:4: 1244 daAuts
     D:1: 1096 daAuts
     D:5: 1086 daAuts
     D:3: 1029 daAuts
     D:2: 848 daAuts
     D:6: 465 daAuts
